 Dungeon Crawl Stone Soup version 0.20-a0-1074-g6a0a8e1 (webtiles) character file.

4897 Alarkh the Cleaver (level 10, -3/74 HPs)
             Began as a Demonspawn Monk on Apr 29, 2017.
             Was a Believer of Okawaru.
             Slain by a yak (11 damage)
             ... on level 9 of the Dungeon.
             The game lasted 00:11:50 (12144 turns).

Alarkh the Cleaver (Demonspawn Monk)               Turns: 12144, Time: 00:11:51

Health: -3/74      AC:  9    Str: 11    XL:     10   Next: 26%
Magic:  10/10      EV: 19    Int: 19    God:    Okawaru [**....]
Gold:   389        SH:  0    Dex: 16    Spells: 9/9 levels left

rFire    + . .     SeeInvis .   a - +0 war axe
rCold    + . .     Gourm    .   (no shield)
rNeg     + . .     Faith    .   E - +2 leather armour {rC+}
rPois    .         Spirit   .   r - +0 helmet
rElec    .         Reflect  .   w - +0 cloak
rCorr    .         Harm     .   x - +0 pair of gloves
MR       .....                  (no boots)
Stlth    ++........             (no amulet)
Regen    0.3/turn               y - ring of positive energy
MPRegen  0.2/turn               (no ring)

@: repel missiles
A: talons 2, repulsion field 3, blurry vision 1, clever 2, fire resistance 1,
screaming 1
a: Heroism, Renounce Religion


You were on level 9 of the Dungeon.
You worshipped Okawaru.
Okawaru was pleased with you.
You were not hungry.

You visited 2 branches of the dungeon, and saw 10 of its levels.

You collected 489 gold pieces.
You spent 100 gold pieces at shops.

Inventory:

Hand Weapons
 a - a +0 war axe (weapon)
 l - a +0 hand axe
Armour
 b - a +0 robe
 q - a +2 animal skin
 r - a +0 helmet (worn)
 w - a +0 cloak (worn)
 x - a +0 pair of gloves (worn)
 E - a +2 leather armour of cold resistance (worn)
Jewellery
 y - a ring of positive energy (left hand)
Wands
 I - a wand of polymorph (12/24)
Scrolls
 d - 4 scrolls of enchant armour
 e - a scroll of identify
 g - a scroll of fear
 h - 4 scrolls of recharging
 i - a scroll of random uselessness {unknown}
 j - a scroll of magic mapping {unknown}
 p - 3 scrolls of enchant weapon {unknown}
 t - 4 scrolls of immolation {unknown}
 u - 4 scrolls of remove curse {unknown}
 z - a scroll of silence {unknown}
 C - a scroll of torment {unknown}
 F - 2 scrolls of amnesia {unknown}
 G - a scroll of acquirement {unknown}
 H - 2 scrolls of blinking {unknown}
Potions
 o - a potion of brilliance
 v - a potion of cancellation
 A - a potion of agility
 B - 2 potions of haste
 D - a potion of flight
Books
 k - a book of Cantrips

   Spells                             Type                      Level
   a - Confusing Touch                Hexes                        1
   b - Animate Skeleton               Necromancy                   1
   c - Summon Small Mammal            Summoning                    1
   d - Apportation                    Translocation                1
Comestibles
 c - 7 bread rations
 f - 2 royal jellies
 m - 3 meat rations
 n - 6 chunks of flesh
 s - 23 fruits


   Skills:
 + Level 5.5 Fighting
 * Level 11.7 Axes
 + Level 4.1 Armour
 + Level 5.3 Dodging
 - Level 1.7 Stealth


You had 9 spell levels left.
You didn't know any spells.

Dungeon Overview and Level Annotations

Branches:
Dungeon (9/15)             Temple (1/1) D:6
   Lair: D:8-11         Orc: D:9-12

Altars:
Ashenzari
Cheibriados
Dithmenos
Elyvilon
Fedhas
Gozag
Hepliaklqana
Kikubaaqudgha
Makhleb
Nemelex Xobeh
Okawaru
Qazlal
Ru
Sif Muna
Trog
Uskayaw
Vehumet
Wu Jian
Xom
Yredelemnul
Zin
The Shining One

Shops:
D:4 :[!(

Annotations:
D:3 1 exclusion
D:7 2 runed doors, exclusion: orange crystal statue, Gastronok


Innate Abilities, Weirdness & Mutations

You have razor-sharp toenails.
You are surrounded by a strong repulsion field. (EV +4, RMsl)
Scrolls take you a little longer to read.
Your mind is very acute. (Int +4)
Your flesh is heat resistant. (rF+)
You occasionally shout uncontrollably at your foes.


Message History

The yak gores you but does no damage.
Okay, then.
You slash the yak! Your kick misses the yak.
The yak is almost dead.
The yak barely misses you.
You hit the yak but do no damage.
The yak is almost dead.
The yak misses you.
You slash the yak!
You kill the yak!
Okawaru accepts your kill. The yak misses you.
You see here a yak corpse.
You hit the yak but do no damage. You claw the yak, but do no damage.
The yak is heavily wounded.
The yak gores you but does no damage.
You hit the yak but do no damage. You claw the yak, but do no damage.
The yak is heavily wounded.
The yak gores you!
You die...

## #### .###...##
..#........ #..........#
#...........## .
.............# #..
........(....## ###....
..............####.......
..............#Y@........
................##.......
..........<...### .......
.............## .......
.............# .......
.............# .......
#............# .......
###..........# .......
###.......##


You could see a yak.

Vanquished Creatures
  Grinder (D:4)
  A spriggan (D:8)
  2 wyverns
  2 yaks (D:9)
  Duvessa (D:7)
  A water moccasin (D:6)
  3 ice beasts
  2 orc warriors
  An eye of draining (D:4)
  A sky beast (D:6)
  A black bear (D:8)
  An ogre (D:5)
  5 centaurs
  5 bullfrogs
  Dowan (D:7)
  3 scorpions
  3 wights
  4 howler monkeys
  5 crimson imps
  A centaur zombie (D:7)
  A bullfrog zombie (D:7)
  3 jellies
  7 hounds
  A gnoll shaman (D:8)
  12 orc priests
  An iguana (D:7)
  8 worker ants
  Natasha (thrice) (D:2)
  6 orc wizards
  A killer bee zombie (D:8)
  Robin (D:2)
  4 gnolls (D:7)
  9 adders
  A shadow imp (D:7)
  3 oozes
  An adder skeleton (D:8)
  2 worms
  A dart slug (D:4)
  8 leopard geckos
  40 orcs
  7 bats
  6 giant cockroaches
  15 goblins
  14 hobgoblins
  12 jackals
  3 quokkas
  A ball python (D:1)
  5 frilled lizards
  2 jackal skeletons
  A jackal zombie (D:7)
  7 kobolds
  A leopard gecko zombie (D:7)
  13 rats
244 creatures vanquished.

Vanquished Creatures (others)
  An orc wizard (D:4)
  2 adders (D:3)
3 creatures vanquished.

Grand Total: 247 creatures vanquished

Notes
Turn   | Place    | Note
-------+----------+-------------------------------------------
     0 | D:1      | Alarkh the Demonspawn Monk began the quest for the Orb.
     0 | D:1      | Reached XP level 1. HP: 18/18 MP: 1/1
    95 | D:1      | Reached skill level 3 in Axes
   400 | D:1      | Gained mutation: You are surrounded by a mild repulsion field. (EV +2) [demonic ancestry]
   400 | D:1      | Reached XP level 2. HP: 24/24 MP: 2/2
  1057 | D:2      | Noticed Natasha
  1080 | D:2      | Noticed Robin
  1080 | D:2      | Reached XP level 3. HP: 23/29 MP: 3/3
  1096 | D:2      | Reached skill level 4 in Axes
  1109 | D:2      | Killed Robin
  1650 | D:2      | Reached XP level 4. HP: 30/35 MP: 4/4
  1654 | D:2      | Killed Natasha
  1910 | D:2      | Reached skill level 5 in Axes
  2062 | D:2      | Noticed Natasha
  2082 | D:2      | Killed Natasha
  2082 | D:2      | Reached XP level 5. HP: 24/41 MP: 5/5
  2093 | D:2      | Noticed Natasha
  2103 | D:2      | Killed Natasha
  2520 | D:3      | Found an ornate altar of the Wu Jian Council.
  2563 | D:3      | HP: 2/41 [orc/flail (7)]
  2930 | D:3      | Reached skill level 6 in Axes
  3456 | D:3      | Noticed a moth of wrath
  3459 | D:3      | Found a bloodstained altar of Trog.
  3648 | D:3      | Gained mutation: You have sharp toenails. [demonic ancestry]
  3648 | D:3      | Reached XP level 6. HP: 47/47 MP: 6/6
  3767 | D:4      | Found Upparis's Distillery.
  3784 | D:4      | Bought a potion of berserk rage for 50 gold pieces
  3784 | D:4      | Bought a potion of heal wounds for 50 gold pieces
  3816 | D:4      | Found Jodaango's Armour Emporium.
  3968 | D:4      | Noticed Grinder
  3978 | D:4      | Paralysed by Grinder for 2 turns
  3982 | D:4      | Killed Grinder
  3982 | D:4      | Reached skill level 7 in Axes
  3982 | D:4      | Gained mutation: You are surrounded by a moderate repulsion field. (EV +3) [demonic ancestry]
  3982 | D:4      | Reached XP level 7. HP: 30/52 MP: 7/7
  4652 | D:4      | Reached skill level 8 in Axes
  4766 | D:4      | Found Obideil's Book Boutique.
  4914 | D:4      | Found Roclo's Weapon Boutique.
  5183 | D:5      | Entered Level 5 of the Dungeon
  5460 | D:5      | Noticed a dagger
  5461 | D:5      | Noticed a hand axe
  5463 | D:5      | Found a hide-covered altar of Uskayaw.
  5686 | D:5      | Reached skill level 9 in Axes
  5686 | D:5      | Gained mutation: You have razor-sharp toenails. [demonic ancestry]
  5686 | D:5      | Reached XP level 8. HP: 57/58 MP: 8/8
  6188 | D:5      | Found a radiant altar of Vehumet.
  6194 | D:5      | Found a deep blue altar of Sif Muna.
  6194 | D:5      | Found a deep blue altar of Sif Muna.
  6196 | D:5      | Found a sparkling altar of Nemelex Xobeh.
  6196 | D:5      | Found a hazy altar of Hepliaklqana.
  6196 | D:5      | Found a shimmering altar of Xom.
  6398 | D:6      | Found a staircase to the Ecumenical Temple.
  6431 | Temple   | Entered the Ecumenical Temple
  6802 | D:6      | Reached skill level 10 in Axes
  6989 | D:6      | Found a blossoming altar of Fedhas.
  6989 | D:6      | Found an ancient bone altar of Kikubaaqudgha.
  7201 | D:6      | Reached skill level 1 in Armour
  7779 | D:6      | Gained mutation: Scrolls take you a little longer to read. [mutagenic meat]
  7780 | D:6      | Gained mutation: Your mind is acute. (Int +2) [mutagenic meat]
  7781 | D:6      | Gained mutation: Your flesh is heat resistant. (rF+) [mutagenic meat]
  7783 | D:6      | Gained mutation: You occasionally shout uncontrollably at your foes. [mutagenic meat]
  7784 | D:6      | Gained mutation: Your mind is very acute. (Int +4) [mutagenic meat]
  7992 | D:6      | Gained mutation: You are surrounded by a strong repulsion field. (EV +4, RMsl) [demonic ancestry]
  7992 | D:6      | Reached XP level 9. HP: 50/65 MP: 9/9
  8150 | D:7      | Found a sacrificial altar of Ru.
  8166 | D:7      | Noticed Duvessa
  8168 | D:7      | Noticed Dowan
  8169 | D:7      | Found a runed door.
  8178 | D:7      | Killed Duvessa
  8187 | D:7      | Noticed an orange crystal statue
  8190 | D:7      | Killed Dowan
  8451 | D:7      | Found a runed door.
  9480 | D:7      | Reached skill level 11 in Axes
  9551 | D:8      | Found a sparkling altar of Nemelex Xobeh.
  9794 | D:8      | Noticed Gastronok
 10068 | D:8      | Found a shadowy altar of Dithmenos.
 10434 | D:8      | Found an opulent altar of Gozag.
 10712 | D:8      | Reached skill level 5 in Fighting
 10938 | D:8      | Reached XP level 10. HP: 44/74 MP: 10/10
 11259 | D:8      | Reached skill level 5 in Dodging
 11677 | D:8      | Found a hazy altar of Hepliaklqana.
 11679 | D:8      | Found an iron altar of Okawaru.
 11723 | D:8      | Became a worshipper of Warmaster Okawaru
 11723 | D:8      | Reached * piety under Okawaru
 11723 | D:8      | Reached ** piety under Okawaru
 11915 | D:8      | Found a glowing silver altar of Zin.
 12144 | D:9      | Slain by a yak

Vault maps used:
D:1:      dpeg_arrival_boxes_within_box
D:2:      minmay_quantized, uniq_natasha, uniq_robin
D:3:      tgw_trog, overflow_temple_1_default, first_bread, lemuel_flame_loot_1
D:4:      serial_shops, nicolae_shop_waterfront, shop, nicolae_shop_trees, shop,
          grunt_decor_fettered, uniq_grinder
D:5:      dancing_weapons_uskayaw, minmay_misc_feat_tiny, bh_chokoban,
          doesnt_xom_only_xom
D:6:      grunt_temple_overflow_growth_and_decay,
          minmay_temple_entry_butterflies
D:7:      overflow_temple_1_default, chequers_guarded_unrand_ignorance,
          uniq_duvessa
D:8:      kennysheep_mini_moat, nicolae_dithmenos_the_darkroom,
          nemelex_xobeh_ov_fountains_minmay, lemuel_doored_altar,
          grunt_temple_overflow_open, the_bakery, uniq_gastronok
Temple:   jpeg_temple_alley_garden

Skill      XL: |  1  2  3  4  5  6  7  8  9 10 |
---------------+-------------------------------+-----
Axes           | 3 4 5 6 7 9 10 11 | 11.7
Armour         | 1 3 4 |  4.1
Dodging        | 3 4 5 |  5.3
Fighting       | 5 |  5.5
Stealth        | |  1.7

Action                   |  1- 3 |  4- 6 |  7- 9 | 10-12 || total
-------------------------+-------+-------+-------+-------++-------
Melee: Hand axe          |   138 |   232 |   205 |       ||   575
       Kick              |       |    11 |   203 |    25 ||   239
       War axe           |       |       |   532 |    96 ||   628
  Use: Potion            |     4 |     5 |    10 |     1 ||    20
       Scroll            |     1 |     3 |     1 |       ||     5
 Stab: Sleeping          |     3 |     3 |       |     1 ||     7
       Invisible         |       |       |     9 |       ||     9
       Distracted        |       |       |     1 |       ||     1
  Eat: Chunk             |     2 |     8 |    29 |     4 ||    43
Armor: Robe              |    11 |       |       |       ||    11
       Animal skin       |    19 |    34 |    76 |       ||   129
       Skin              |       |       |    15 |       ||    15
       Leather armour    |       |       |    55 |    15 ||    70
Dodge: Dodged            |   151 |   142 |   586 |   121 ||  1000
       Deflected         |       |       |    13 |       ||    13
